 Dungeon Crawl Stone Soup version 0.27-a0-1140-g099f9bb0e8 (webtiles) character file.

Game seed: 16662977034413520928

3497 Philosophy the Basher (level 10, -1/61 HPs)
             Began as a Gargoyle Fighter on May 9, 2021.
             Was a Believer of Okawaru.
             Splashed by a jelly's acid (10 damage)
             ... on level 8 of the Dungeon.
             The game lasted 00:23:39 (7558 turns).

Philosophy the Basher (Gargoyle Fighter)            Turns: 7558, Time: 00:23:42

Health: -1/61      AC: 17    Str: 23 (24) XL:     10   Next: 7%
Magic:  10/10      EV: 10    Int:  5 (6)  God:    Okawaru [**....]
Gold:   296        SH: 11    Dex:  9      Spells: 9/9 levels left

rFire    . . .     SeeInvis +   v - +2 flail (vorpal)
rCold    . . .     Faith    .   c - +0 kite shield
rNeg     + . .     Spirit   .   e - +2 ring mail {rPois}
rPois    ∞         Reflect  .   (helmet restricted)
rElec    +         Harm     .   o - +0 cloak
rCorr    .         Rampage  .   (no gloves)
Will     .....                  (no boots)
Stlth    +.........             y - amulet of the acrobat
HPRegen  0.20/turn              g - ring of see invisible
MPRegen  0.12/turn              (no ring)

@: mighty, about to teleport
A: sickness immunity, AC +7, negative energy resistance 1, electricity
resistance, torment resistance 1, unbreathing 1, petrification resistance, beak,
claws 1, dopey 1
a: Renounce Religion, Heroism


You were on level 8 of the Dungeon.
You worshipped Okawaru.
Okawaru was pleased with you.
You visited 1 branch of the dungeon, and saw 9 of its levels.
You also visited: Ossuary.

You collected 710 gold pieces.
You spent 414 gold pieces at shops.

Inventory:

Hand Weapons
 a - a +0 flail
 i - a +2 flail of protection
 u - a +2 flail of venom
 v - a +2 vorpal flail (weapon)
Armour
 b - a +0 scale mail
 c - a +0 kite shield (worn)
 e - a +2 ring mail of poison resistance (worn)
 o - a +0 cloak (worn)
Jewellery
 g - a ring of see invisible (left claw)
 q - a ring of see invisible
 y - an amulet of the acrobat (around neck)
Wands
 z - a wand of charming (5)
Scrolls
 f - 6 scrolls of identify
 j - a scroll of noise {unknown}
 k - a scroll of enchant weapon {unknown}
 m - a scroll of amnesia {unknown}
 n - a scroll of holy word {unknown}
 p - a scroll of summoning {unknown}
 s - a scroll of blinking {unknown}
 w - a scroll of torment {unknown}
Potions
 d - 3 potions of might
 h - 7 potions of curing
 l - a potion of attraction
 t - a potion of magic


   Skills:
 + Level 6.4 Fighting
 + Level 9.2 Maces & Flails
 + Level 7.3 Armour
 + Level 2.8 Dodging
 + Level 0.7 Stealth
 + Level 7.7 Shields


You had 9 spell levels left.
You didn't know any spells.
Your spell library contained the following spells:

 Spells                   Type           Power      Damage    Failure   Level
 Animate Skeleton         Necr           0%         N/A       90%         1
 Apportation              Tloc           0%         N/A       90%         1
 Corona                   Hex            0%         N/A       90%         1
 Magic Dart               Conj           0%         1d3       90%         1
 Summon Small Mammal      Summ           0%         N/A       90%         1
 Call Imp                 Summ           0%         N/A       97%         2
 Searing Ray              Conj           0%         3d3       97%         2
 Call Canine Familiar     Summ           0%         N/A       99%         3
 Confusing Touch          Hex            0%         N/A       99%         3
 Dazzling Flash           Conj/Hex       0%         N/A       99%         3
 Gell's Gravitas          Tloc           0%         N/A       99%         3
 Summon Guardian Golem    Hex/Summ       0%         N/A       99%         3
 Fulminant Prism          Conj/Hex       0%         3d6       100%        4
 Iskenderun's Mystic Bla  Conj/Tloc      0%         2d3       100%        4
 Petrify                  Tmut/Erth      0%         N/A       100%        4
 Summon Ice Beast         Ice/Summ       0%         N/A       100%        4
 Summon Lightning Spire   Summ/Air       0%         N/A       100%        4
 Metabolic Englaciation   Hex/Ice        0%         N/A       100%        5
 Yara's Violent Unravell  Hex/Tmut       0%         3d3       100%        5


Dungeon Overview and Level Annotations

Branches:
Dungeon (9/15)            Ossuary (visited)
 Temple: D:4-7         Lair: D:8-11         Orc: D:9-12

Altars:
Ashenzari
Kikubaaqudgha
Okawaru
Ru
Uskayaw
Vehumet
Xom
Zin

Shops:
D:1 !   D:2 (   D:4 ((:[   D:5 !   D:6 [


Innate Abilities, Weirdness & Mutations

You are immune to sickness and miasma.
Your stone body is resilient. (AC +7)
You are immune to poison.
You resist negative energy. (rN+)
You are resistant to electric shocks. (rElec)
You are resistant to unholy torment.
You can survive without breathing.
You are immune to petrification.
You have a beak for a mouth.
You have sharp fingernails.
You are dopey. (Int -2)


Message History

You block the killer bee's attack.
You barely miss the killer bee.
The killer bee is almost dead.
The orc priest shouts!
The killer bee closely misses you. You block the killer bee's attack.
The killer bee stings you.
The killer bee stings you but does no damage. x2
You thump the killer bee!
You kill the killer bee!
Okawaru accepts your kill. The killer bee closely misses you.
The killer bee stings you but does no damage. x2
You hit the killer bee. Your peck misses the killer bee.
The killer bee is moderately wounded.
You block the killer bee's attack. The killer bee closely misses you.
The killer bee stings you but does no damage.
You block the killer bee's attack.
You miss the killer bee. Your peck misses the killer bee.
The killer bee is moderately wounded.
The killer bee stings you but does no damage.
The killer bee stings you.
* * * LOW HITPOINT WARNING * * *
The killer bee stings you but does no damage.
The killer bee misses you.
You sock the killer bee!
You kill the killer bee!
Okawaru accepts your kill. The killer bee stings you.
* * * LOW HITPOINT WARNING * * *
The killer bee stings you.
* * * LOW HITPOINT WARNING * * *
An orc wizard comes into view. It is wielding a +0 dagger.
You block the killer bee's attack.
As you read the scroll of teleportation, it crumbles to dust.
You feel strangely unstable.
The orc wizard shouts!
The killer bee closely misses you. The jelly hits you.
* * * LOW HITPOINT WARNING * * *
You are splashed with acid!
You die...

.... #......##
#)#.##.......###
..##.......o......#
.................#
......yy..#......##
...y. #...#..#oY..#
.....###.y.####JY.#
#.........YY# #yJ##
#.......## ##@#
##.......# ###
#..##..## ### #.##
###


You could see 2 yaks, 2 jellies, a killer bee, an orc priest and an orc wizard.

Vanquished Creatures
  Pikel (D:6)
  Maggie (D:6)
  3 yaks (D:6)
  A water moccasin (D:5)
  2 ice beasts
  3 black bears (D:6)
  A necrophage (D:4)
  2 sky beasts
  A centaur (D:5)
  A phantom (D:4)
  2 elf zombies (Ossuary)
  A bullfrog (D:6)
  3 scorpions
  2 wyvern skeletons (D:6)
  A water moccasin skeleton (D:6)
  5 killer bees (D:8)
  A howler monkey (D:6)
  2 jellies
  2 hounds
  3 iguanas
  Natasha (thrice) (D:3)
  2 orc wizards
  2 mummies (Ossuary)
  A howler monkey zombie (D:5)
  A howler monkey skeleton (D:6)
  4 gnolls (D:2)
  5 adders
  A white imp (D:5)
  2 adder skeletons
  3 worms
  3 dart slugs
  20 orcs
  9 ball pythons
  4 bats
  7 endoplasms
  2 giant cockroaches
  5 gnoll zombies (Ossuary)
  9 goblins
  4 hobgoblins
  8 jackals (D:1)
  3 quokkas
  3 frilled lizards
  2 goblin zombies (Ossuary)
  3 hobgoblin zombies (Ossuary)
  7 kobolds
  2 orc zombies (Ossuary)
  4 rats
157 creatures vanquished.

Notes
Turn   | Place    | Note
-------+----------+-------------------------------------------
     0 | D:1      | Philosophy the Gargoyle Fighter began the quest for the
                  | Orb.
     0 | D:1      | Reached XP level 1. HP: 14/14 MP: 1/1
    83 | D:1      | Reached XP level 2. HP: 10/19 MP: 2/2
   291 | D:1      | Found a faded altar of an unknown god.
   399 | D:1      | Reached XP level 3. HP: 21/23 MP: 3/3
   448 | D:1      | Found Hawurom's Distillery.
  1188 | D:2      | Reached XP level 4. HP: 26/29 MP: 4/4
  1426 | D:2      | Found Barhyttaemm's Antique Weapon Shop.
  1470 | D:2      | Reached skill level 3 in Maces & Flails
  1470 | D:2      | Reached XP level 5. HP: 24/33 MP: 5/5
  1963 | D:3      | Reached skill level 1 in Dodging
  2233 | D:3      | Noticed Natasha
  2244 | D:3      | Killed Natasha
  2537 | D:3      | Noticed Natasha
  2554 | D:3      | Killed Natasha
  2555 | D:3      | Reached XP level 6. HP: 8/38 MP: 6/6
  2783 | D:3      | Noticed Natasha
  2792 | D:3      | Killed Natasha
  2793 | D:3      | Reached skill level 4 in Maces & Flails
  3387 | D:4      | Found Ludaw's Antique Armour Shoppe.
  3429 | D:4      | Noticed a necrophage
  3445 | D:4      | Killed a necrophage
  3446 | D:4      | Reached skill level 5 in Shields
  3740 | D:4      | Found Uqunurch's Weapon Shoppe.
  3767 | D:4      | Found Qotarute's Antique Weapon Shop.
  3946 | D:4      | Bought a glowing flail for 156 gold pieces
  3976 | D:4      | Reached XP level 7. HP: 43/43 MP: 7/7
  4313 | D:4      | Found Suggooc's Book Boutique.
  4531 | D:5      | Entered Level 5 of the Dungeon
  4638 | D:5      | Found Wiomuta's Distillery.
  4649 | D:5      | Reached skill level 5 in Maces & Flails
  4649 | D:5      | Reached skill level 5 in Armour
  4802 | D:5      | Bought a potion of mutation for 104 gold pieces
  4802 | D:5      | Gained mutation: You have a beak for a mouth. [potion of
                  | mutation]
  4802 | D:5      | Gained mutation: You are dopey. (Int -2) [potion of
                  | mutation]
  4802 | D:5      | Gained mutation: You have sharp fingernails. [potion of
                  | mutation]
  4966 | D:5      | Reached XP level 8. HP: 35/48 MP: 8/8
  5394 | D:5      | Reached skill level 6 in Maces & Flails
  5455 | D:5      | Identified the +4 ring mail "Zedalan" {rC+ rN+ rCorr}
  5695 | D:6      | Found a sand-covered staircase.
  5700 | Ossuary  | Entered an ossuary
  6022 | D:6      | Reached skill level 5 in Fighting
  6022 | D:6      | Reached skill level 7 in Maces & Flails
  6073 | D:6      | Found a sacrificial altar of Ru.
  6073 | D:6      | Found a broken altar of Ashenzari.
  6076 | D:6      | Found a glowing silver altar of Zin.
  6080 | D:6      | Found a radiant altar of Vehumet.
  6081 | D:6      | Found an iron altar of Okawaru.
  6121 | D:6      | Found a shimmering altar of Xom.
  6155 | D:6      | Became a worshipper of Warmaster Okawaru
  6160 | D:6      | Found a hide-covered altar of Uskayaw.
  6178 | D:6      | Noticed Pikel
  6203 | D:6      | Killed Pikel
  6204 | D:6      | Reached XP level 9. HP: 24/54 MP: 9/9
  6207 | D:6      | Reached * piety under Okawaru
  6208 | D:6      | Reached skill level 8 in Maces & Flails
  6438 | D:6      | Found an ancient bone altar of Kikubaaqudgha.
  6443 | D:6      | Noticed Maggie
  6464 | D:6      | Killed Maggie
  6903 | D:6      | Reached ** piety under Okawaru
  6904 | D:6      | Reached skill level 9 in Maces & Flails
  6928 | D:6      | Found Nueppoq's Antique Armour Shoppe.
  6996 | D:6      | Bought a runed ring mail for 154 gold pieces
  7402 | D:7      | Reached XP level 10. HP: 61/61 MP: 10/10
  7499 | D:7      | You fall into a shaft and drop 2 floors!
  7558 | D:8      | Splashed by a jelly's acid

Illustrated notes

Levels and vault maps discovered:
D:1:      lemuel_arrival_room, layout_basic,
          shapermc_ecumenical_altar_mp_highgroup, serial_shops, shop
D:2:      layout_loops_ring, serial_shops, shop
D:3:      layout_loops_ring, dk_noncrumbling_3, hangedman_glass_teeth,
          minmay_bisected, uniq_crazy_yiuf_cottage, uniq_natasha
D:4:      layout_cave_pools, serial_shops, shop, shop, nicolae_shop_crystal,
          nicolae_shop_stone, minmay_starry_boxes
D:5:      layout_basic, serial_shops, shop_coins
D:6:      layout_basic, kennysheep_mini_moat, minitemple,
          lightli_ossuary_entry_decrepit_ruins, serial_shops, shop_statue,
          uniq_pikel, uniq_maggie
D:7:      layout_loops_corners, lemuel_tele_altar,
          minmay_temple_entry_statues_fountains
D:8:      layout_cave_pools, minmay_lair_entry_grove, enter_bailey_4,
          uniq_harold
D:9:      layout_loops_ring, kennysheep_ying_yang, lemuel_round_altar

Skill      XL: |  1  2  3  4  5  6  7  8  9 |
---------------+----------------------------+-----
Shields        | 4 5 6 7 |  7.7
Maces & Flails | 3 4 5 7 9 |  9.2
Dodging        | 1 2 |  2.8
Armour         | 4 5 6 7 |  7.3
Fighting       | 4 5 6 |  6.4
Stealth        | |  0.7

Action                   |  1- 3 |  4- 6 |  7- 9 | 10-12 || total
-------------------------+-------+-------+-------+-------++-------
Melee: Flail             |   127 |   174 |   296 |    26 ||   623
       Peck              |       |       |    35 |     1 ||    36
  Use: Scroll            |       |     2 |     1 |     1 ||     4
       Potion            |       |       |     7 |     1 ||     8
Armor: Scale mail        |    86 |    83 |   153 |       ||   322
       Ring mail         |       |       |     4 |    31 ||    35
Dodge: Dodged            |    50 |    50 |   105 |    34 ||   239
Block: Kite shield       |    80 |   106 |   172 |    48 ||   406

Table legend: (Time is in decaauts)
 A = Elapsed time spent in this place.
 B = Non-inter-level travel time spent in this place.
 C = Inter-level travel time spent in this place.
 D = Time resting spent in this place.
 E = Time spent auto-exploring this place.
 F = Levels seen in this place.
 G = Mean time per level.
                   A        B        C        D        E       F      G
               +--------+--------+--------+--------+--------+-----+--------+
         Total |   7802 |   7732 |     70 |   1775 |   4259 |  10 |  780.2 |
       Dungeon |   7545 |   7475 |     70 |   1775 |   4092 |   9 |  838.3 |
       Ossuary |    256 |    256 |      0 |      0 |    167 |   1 |  256.0 |
               +--------+--------+--------+--------+--------+-----+--------+

Top non-repeatable levels by time:
     D:3: 1593 daAuts
     D:6: 1504 daAuts
     D:5: 1168 daAuts
     D:2: 1127 daAuts
     D:4: 1066 daAuts
     D:1: 912 daAuts
 Ossuary: 256 daAuts
     D:7: 112 daAuts
     D:8: 42 daAuts
     D:9: 18 daAuts
